 Seeded DCSS version 0.30.0-18-gc0e69614cb (webtiles) character file.

Game seed: 4094081560370531827 (custom seed)

6 IndexError the Magician (level 2, 21/21 HPs)
             Began as a Djinni Earth Elementalist on May 23, 2023.
             Quit the game on level 1 of the Dungeon.
             The game lasted 00:01:13 (139 turns).

IndexError the Magician (Djinni Earth Elementalist)  Turns: 139, Time: 00:01:13

Health: 21/21      AC:  2    Str:  7    XL:     2   Next: 0%
Gold:   22         EV: 12    Int: 16    God:
                   SH:  5    Dex: 13

rFire   + + .        b - +0 sling
rCold   x . .        (no shield)
rNeg    . . .        a - +0 robe
rPois   ∞            (no helmet)
rElec   .            (no cloak)
rCorr   .            (no gloves)
SInv    .            (boots unavailable)
Will    .....        d - amulet of reflection
Stlth   ++           (no ring)
HPRegen 0.23/turn    (no ring)
MPRegen 0.00/turn

%: reflection
@: flying
A: sickness immunity, fire resistance 2, cold vulnerability 1, float, innate
caster, HP casting, extra vitality 1
a: no special abilities


You were on level 1 of the Dungeon.
You visited 1 branch of the dungeon, and saw 1 of its levels.

You collected 22 gold pieces.

Inventory:

Hand Weapons
 b - a +0 sling (weapon)
   (You found it on level 1 of the Dungeon)
Armour
 a - a +0 robe (worn)
Jewellery
 d - an amulet of reflection (around neck)
   (You found it on level 1 of the Dungeon)
Scrolls
 e - a scroll of identify {unknown}
 f - a scroll of acquirement
Potions
 c - a potion of might {unknown}


   Skills:
 - Level 2.1 Dodging
 - Level 1.5 Stealth
 + Level 2.7 Spellcasting


You knew the following spells:

 Your Spells              Type           Power      Damage    Failure   Level
a - Sandblast             Erth           22%        2d7       6%          1
c - Petrify               Tmut/Erth      11%        N/A       52%         4
w - Passwall              Tmut/Erth      9%         N/A       10%         2
x - Stone Arrow           Conj/Erth      22%        3d8       19%         3
Your spell library was empty.

Dungeon Overview and Level Annotations

Branches:
Dungeon (1/15)

Altars:


Innate Abilities, Weirdness & Mutations

You are immune to sickness and miasma.
You are immune to poison.
Your flesh is very heat resistant. (rF++)
You are vulnerable to cold. (rC-)
You float through the air rather than walking.
You learn spells naturally, not from books.
Your magical power is your life essence.
You have superior vitality. (+4 MHP)


Message History

Press ? for a list of commands and other information.
Found a staircase leading out of the dungeon.
You begin with the following spells memorised: Sandblast, Passwall, Stone Arrow, Petrify.
There are no items here.
You reach down and open the door.
A hobgoblin comes into view.
The hobgoblin shouts!
A ball python comes into view.
A rat comes into view.
There is an open door here.
A frilled lizard comes into view.
Aiming: Sandblast (safe; 8% risk of failure)
Press: ? - help, Q - select action, (/) - cycle Shift-Dir - straight line, f - hobgoblin
Aim: a hobgoblin (81% to hit)
The blast of sand misses the hobgoblin.
The frilled lizard hisses angrily.
A bat comes into view.
The bat moves out of view.
Aiming: Sandblast (safe; 8% risk of failure)
Press: ? - help, Q - select action, (/) - cycle Shift-Dir - straight line, f/p - hobgoblin
Aim: a hobgoblin (81% to hit)
The blast of sand hits the hobgoblin.
You take 1 damage, and have 14/15 hp.
Aiming: Sandblast (safe; 7% risk of failure)
Press: ? - help, Q - select action, (/) - cycle Shift-Dir - straight line, f - ball python
Aim: a ball python (78% to hit)
The blast of sand misses the ball python.
The blast of sand hits the rat.
The ball python bites you. The ball python grabs you.
The ball python constricts you. The bat barely misses you.
The ball python bites you. The ball python constricts you.
You take 6 damage, and have 8/15 hp.
MASSIVE DAMAGE!!
Aiming: Sandblast (safe; 7% risk of failure)
Press: ? - help, Q - select action, (/) - cycle Shift-Dir - straight line, f/p - ball python
Aim: a ball python (constricting you, 80% to hit)
The blast of sand hits the ball python!
The bat barely misses you. The bat hits you but does no damage.
The frilled lizard closely misses you.
Aiming: Sandblast (safe; 7% risk of failure)
Press: ? - help, Q - select action, (/) - cycle Shift-Dir - straight line, f - frilled lizard
Aim: a frilled lizard (70% to hit)
The blast of sand hits the frilled lizard!
The bat hits you but does no damage.
You take 1 damage, and have 7/15 hp.
Aiming: Sandblast (safe; 7% risk of failure)
Press: ? - help, Q - select action, (/) - cycle Shift-Dir - straight line, f - bat
Aim: a bat (73% to hit)
The blast of sand hits the bat!
You take 1 damage, and have 6/15 hp.
Aiming: Sandblast (safe; 7% risk of failure)
Press: ? - help, Q - select action, (/) - cycle Shift-Dir - straight line, f - you That would be overly suicidal.
Okay, then.
HP restored.
b - a +0 sling Health restored: 15
b - a +0 sling (weapon)
You now have 13 gold pieces.
c - a ruby potion
d - an amulet of reflection
e - a scroll labelled UQIGAI UREIM You start putting on your amulet.
You continue putting on your amulet of reflection. x5
You finish putting on your amulet of reflection.
You feel a shielding aura gather around you.
d - an amulet of reflection (around neck)
You reach down and open the door.
There is an open door here.
You reach down and open the door.
There is an open door here.
You reach down and open the door.
Found a stone staircase leading down.
There is an open door here.
A bat comes into view.
You shoot a sling bullet. The sling bullet misses the bat.
You block the bat's attack.
Aiming: Sandblast (safe; 7% risk of failure)
Press: ? - help, Q - select action, (/) - cycle Shift-Dir - straight line, f/p - bat
Aim: a bat (73% to hit)
The blast of sand hits the bat.
A goblin comes into view. It is wielding a +0 dagger.
A goblin is nearby!
A goblin is nearby!
Aiming: Sandblast (safe; 6% risk of failure)
Press: ? - help, Q - select action, (/) - cycle Shift-Dir - straight line, f - you
Okay, then.
You shoot a sling bullet. The sling bullet hits the goblin.
The goblin shouts!
You shoot a sling bullet.
The sling bullet barely misses the goblin.
Aiming: Sandblast (safe; 6% risk of failure)
Press: ? - help, Q - select action, (/) - cycle Shift-Dir - straight line, f/p - goblin
Aim: a goblin, wielding a +0 dagger (moderately wounded, 77% to hit)
The blast of sand hits the goblin.
You have reached level 2!
Health restored: 21 You now have 22 gold pieces (gained 9).
f - a scroll labelled JOWKOTIDON This is a scroll of acquirement!
Are you sure you want to abandon this character and quit the game? (Confirm with "yes".)

#.[............#
####.........##...#
#........######...#
#...).........#...#
#.............###.#
#.............# .#
#........###### .
#........#
#.......@#
#........#
####+#####


There were no monsters in sight!

Vanquished Creatures
  A goblin (D:1)
  A hobgoblin (D:1)
  A ball python (D:1)
  2 bats (D:1)
  A frilled lizard (D:1)
  A rat (D:1)
7 creatures vanquished.

Notes
Turn   | Place    | Note
-------+----------+-------------------------------------------
     0 | D:1      | IndexError the Djinni Earth Elementalist began the quest
                  | for the Orb.
     0 | D:1      | IndexError set off with the following spells memorised:
                  | Sandblast, Passwall, Stone Arrow, Petrify.
     0 | D:1      | Reached XP level 1. HP: 15/15 MP: 0/0
   128 | D:1      | Reached XP level 2. HP: 21/21 MP: 0/0
   139 | D:1      | Identified a scroll of acquirement
   139 | D:1      | Quit the game

Illustrated notes

Levels and vault maps discovered:
D:1:      giann_horns, layout_basic, minmay_tromino_i4

Action                     || total
---------------------------++-------
   Fire: Sling             ||     3
   Cast: Sandblast         ||     8
 Armour: Robe              ||     2
  Dodge: Dodged            ||     3
  Block: Other             ||     1

Levels and vault maps discovered:
D:1:      giann_horns, layout_basic, minmay_tromino_i4

Table legend: (Time is in decaauts)
 A = Elapsed time spent in this place.
 B = Non-inter-level travel time spent in this place.
 C = Inter-level travel time spent in this place.
 D = Time resting spent in this place.
 E = Time spent auto-exploring this place.
 F = Levels seen in this place.
 G = Mean time per level.
                   A        B        C        D        E       F      G
               +--------+--------+--------+--------+--------+-----+--------+
         Total |    143 |    143 |      0 |      0 |    108 |   1 |  143.0 |
       Dungeon |    143 |    143 |      0 |      0 |    108 |   1 |  143.0 |
               +--------+--------+--------+--------+--------+-----+--------+

Top non-repeatable levels by time:
     D:1: 143 daAuts

Table legend:
 A = Kills in this place as a percentage of kills in the entire game.
 B = Kills by you in this place as a percentage of kills by you in the entire game.
 C = Kills by friends in this place as a percentage of kills by friends in the entire game.
 D = Other kills in this place as a percentage of other kills in the entire game.
 E = Experience gained in this place as a percentage of experience gained in the entire game.
 F = Experience gained in this place divided by the number of levels of this place that you have seen.
                   A       B       C       D       E      F
               +-------+-------+-------+-------+-------+----------------------
         Total | 100.0 | 100.0 |   N/A |   N/A | 100.0 |   9.0
       Dungeon | 100.0 | 100.0 |   N/A |   N/A | 100.0 |   9.0
               +-------+-------+-------+-------+-------+----------------------
